 Dungeon Crawl Stone Soup version 0.23-a0-619-g281719c (console) character file.

1290 bli the Shield-Bearer (level 8, -1/69 HPs)
             Began as a Formicid Fighter on Dec 22, 2018.
             Was a Priest of Okawaru.
             Slain by an orc warrior
             ... wielding a +0 battleaxe
              (3 damage)
             ... on level 6 of the Dungeon.
             The game lasted 00:23:03 (5136 turns).

bli the Shield-Bearer (Formicid Fighter)            Turns: 5136, Time: 00:23:04

Health: -1/69      AC:  9    Str: 31    XL:     8   Next: 86%
Magic:  0/8        EV: 11    Int: 10    God:    Okawaru [***...]
Gold:   273        SH:  5    Dex: 14    Spells: 7/7 levels left

rFire    . . .     SeeInvis +   c - +2 hand axe (chop)
rCold    . . .     Gourm    .   t - +0 buckler
rNeg     . . .     Faith    .   u - +0 scale mail
rPois    .         Spirit   +   (helmet unavailable)
rElec    .         Reflect  .   C - +0 cloak
rCorr    .         Harm     .   (no gloves)
MR       .....                  (no boots)
Stlth    ..........             s - amulet of guardian spirit
HPRegen  0.21/turn              j - +4 ring of strength
MPRegen  0.11/turn              p - +3 ring of intelligence

@: mighty
A: permanent stasis, dig shafts and tunnels, four strong arms, antennae 3,
talons 1, agile 1, robust 1, shaggy fur 1
a: Dig, Shaft Self, Heroism, Renounce Religion


You were on level 6 of the Dungeon.
You worshipped Okawaru.
Okawaru was most pleased with you.
You were not hungry.

You visited 1 branch of the dungeon, and saw 6 of its levels.

You collected 273 gold pieces.

Inventory:

Hand Weapons
 a - a +1 mace of holy wrath
 b - a -1 hunting sling
 c - a +2 hand axe of chopping (weapon)
 g - a +0 vampiric hand axe
 l - a +2 dagger of venom
 B - a +3 quarterstaff of chaos
 D - a +0 war axe
 E - a +2 dagger of electrocution
 K - a +0 flail
Missiles
 w - 65 stones (quivered)
 z - 23 sling bullets
Armour
 t - a +0 buckler (worn)
 u - a +0 scale mail (worn)
 x - a +0 shield
 C - a +0 cloak (worn)
 G - the +3 hat of Pondering {ponderous, MR+ MP+10 Int+5}
   (You found it on level 6 of the Dungeon)

   It affects your intelligence (+5).
   It affects your resistance to hostile enchantments.
   It affects your magic capacity (+10).
 I - a +0 plate armour
Jewellery
 j - a +4 ring of strength (left hand)
 p - a +3 ring of intelligence (right hand)
 s - an amulet of guardian spirit (around neck)
Scrolls
 i - 2 scrolls of amnesia
 n - a scroll of teleportation
 q - 3 scrolls of immolation
 r - 3 scrolls of fog
 y - 2 scrolls of blinking
 A - 3 scrolls of identify
 F - a scroll of fear
 L - a scroll of remove curse
Potions
 d - a potion of might
 e - 2 potions of magic {unknown}
 h - 9 potions of heal wounds {unknown}
 k - a potion of flight {unknown}
 m - 2 potions of lignification {unknown}
 o - 4 potions of curing {unknown}
 v - a potion of berserk rage
 H - 2 potions of haste
Comestibles
 f - 12 rations
 M - a chunk of flesh


   Skills:
 + Level 5.4 Fighting
 + Level 2.7(3.2) Axes
 + Level 2.5(3.1) Maces & Flails
 + Level 6.4 Slings
 + Level 5.1 Armour
 + Level 1.3 Dodging
 * Level 6.5 Shields


You had 7 spell levels left.
You didn't know any spells.
Your spell library contained the following spells:

 Spells                   Type           Power        Failure   Level  Hunger
 Animate Skeleton         Necr           N/A          58%         1    ##.....
 Pain                     Necr           #...         58%         1    ##.....
 Summon Small Mammal      Summ           #...         58%         1    ##.....
 Call Imp                 Summ           #.......     73%         2    ###....
 Call Canine Familiar     Summ           #.......     91%         3    ####...
 Regeneration             Chrm/Necr      #.........   91%         3    ####...
 Summon Guardian Golem    Hex/Summ       #.......     91%         3    ####...
 Vampiric Draining        Necr           #.........   91%         3    ####...
 Animate Dead             Necr           N/A          100%        4    #####..
 Summon Ice Beast         Ice/Summ       #.......     100%        4    #####..
 Summon Lightning Spire   Summ/Air       #.......     100%        4    #####..


Dungeon Overview and Level Annotations

Branches:
Dungeon (6/15)
 Temple: D:4-7

Altars:
Cheibriados
Fedhas
Gozag
Okawaru
Sif Muna

Shops:
D:6 *


Innate Abilities, Weirdness & Mutations

You cannot be hasted, slowed, berserked, paralysed or teleported.
You can dig through walls and to a lower floor.
Your four strong arms can wield two-handed weapons with a shield.
You have a pair of large antennae on your head. (SInv)
You have sharp toenails.
You are agile. (Dex +2)
You are robust. (+10% HP)
You are covered in fur. (AC +1)


Message History

You closely miss the orc wizard. Your kick misses the orc wizard.
The orc wizard is heavily wounded.
The orc wizard gestures at you while chanting.
The magic dart hits you!
You closely miss the orc warrior. Your kick misses the orc warrior.
The orc warrior is moderately wounded.
The orc wizard casts a spell.
The orc wizard blinks!
You hit the orc warrior but do no damage.
Your kick misses the orc warrior.
The orc warrior is moderately wounded.
The orc wizard gestures wildly while chanting.
The orc wizard blinks!
The orc warrior completely misses you.
You hit the orc warrior. Your kick misses the orc warrior.
The orc warrior is moderately wounded.
The orc warrior hits you with a +0 battleaxe!
* * * LOW HITPOINT WARNING * * *
You feel very mighty all of a sudden.
The orc warrior hits you with a +0 battleaxe.
You die...

...(... ##### ### ###
....... #...#
#.###.###.......
#...###.##....#.(oo..c
#...##........#...{...
#...##..#....o#.......
#.........@#..#.......
#....#....#o..(.......
#...........ยง.........
#####....#.>......#..?.
#............o....# ...
#................... .
#...............#.##
#...........#.....#
#....##'##..#...###
#...##...#### ..
#####.....## #.#


You could see an orc warrior and 2 orc wizards.

Vanquished Creatures
  Grinder (D:6)
  Duvessa (D:6)
  A phantom (D:4)
  An ogre (D:5)
  A centaur (D:6)
  A bullfrog (D:6)
  Dowan (D:6)
  2 howler monkeys
  A crimson imp (D:6)
  3 orc priests
  A bullfrog skeleton (D:5)
  Crazy Yiuf (D:2)
  A centaur skeleton (D:5)
  4 worker ants
  An orc wizard (D:4)
  A hound skeleton (D:5)
  6 gnolls
  A howler monkey skeleton (D:4)
  6 adders
  3 shadow imps (D:6)
  3 worms
  A dart slug (D:1)
  3 leopard geckos
  6 orcs
  2 ball pythons
  6 bats
  5 giant cockroaches
  7 hobgoblins
  5 jackals
  5 kobolds
  A quokka (D:2)
  2 frilled lizards
  3 goblins
  A jackal skeleton (D:4)
  9 rats
97 creatures vanquished.

Notes
Turn   | Place    | Note
-------+----------+-------------------------------------------
     0 | D:1      | bli the Formicid Fighter began the quest for the Orb.
     0 | D:1      | Reached XP level 1. HP: 18/18 MP: 1/1
    90 | D:1      | Reached XP level 2. HP: 21/24 MP: 2/2
   536 | D:1      | Reached XP level 3. HP: 25/30 MP: 3/3
  1212 | D:2      | Reached XP level 4. HP: 23/37 MP: 2/4
  1219 | D:2      | You fall through a shaft!
  1811 | D:2      | Found an iron altar of Okawaru.
  1820 | D:2      | Became a worshipper of Warmaster Okawaru
  2006 | D:3      | Reached skill level 1 in Slings
  2358 | D:2      | Reached XP level 5. HP: 42/42 MP: 5/5
  2837 | D:2      | Found a runed door.
  2841 | D:2      | Noticed Crazy Yiuf
  2853 | D:2      | Killed Crazy Yiuf
  3070 | D:3      | Found a blossoming altar of Fedhas.
  3189 | D:3      | Found a snail-covered altar of Cheibriados.
  3340 | D:4      | Found a deep blue altar of Sif Muna.
  3425 | D:4      | Reached XP level 6. HP: 48/48 MP: 6/6
  4008 | D:4      | Reached skill level 5 in Shields
  4075 | D:4      | Noticed a phantom
  4091 | D:4      | Killed a phantom
  4091 | D:4      | Reached * piety under Okawaru
  4091 | D:4      | Reached skill level 1 in Dodging
  4091 | D:4      | Reached XP level 7. HP: 45/55 MP: 7/7
  4193 | D:5      | Entered Level 5 of the Dungeon
  4199 | D:5      | Reached skill level 5 in Slings
  4643 | D:5      | Reached ** piety under Okawaru
  4825 | D:5      | Reached XP level 8. HP: 55/61 MP: 6/8
  4903 | D:5      | Gained mutation: You have sharp toenails. [potion of
                  | mutation]
  4903 | D:5      | Gained mutation: You are agile. (Dex +2) [potion of
                  | mutation]
  4903 | D:5      | Gained mutation: You are robust. (+10% HP) [potion of
                  | mutation]
  4903 | D:5      | Gained mutation: You are covered in fur. (AC +1) [potion of
                  | mutation]
  4912 | D:6      | Noticed Dowan
  4914 | D:6      | Noticed Duvessa
  4918 | D:6      | Killed Dowan
  4918 | D:6      | Reached skill level 5 in Fighting
  4932 | D:6      | Killed Duvessa
  4932 | D:6      | Reached skill level 1 in Maces & Flails
  4970 | D:6      | Noticed Grinder
  4972 | D:6      | Found Gozag's Platinum Reserve.
  4972 | D:6      | Found an opulent altar of Gozag.
  4978 | D:6      | Found the +3 hat of Pondering {ponderous, MR+ MP+10 Int+5}
  4985 | D:6      | Killed Grinder
  5065 | D:6      | Reached skill level 5 in Armour
  5129 | D:6      | Reached *** piety under Okawaru
  5135 | D:6      | HP: 2/69 [orc warrior/+0 battleaxe (9)]
  5136 | D:6      | Slain by an orc warrior

Vault maps used:
D:1:      dpeg_arrival_more_subterranean_lakeside_camping
D:2:      nicolae_overflow_hidden_temple, first_ration, uniq_crazy_yiuf_cottage
D:3:      marbit_many_paths, lemuel_coloured_pillars_altar
D:4:      old_standard_altar
D:6:      minmay_temple_entry_drinking_statues, serial_shops, shop,
          dk_noncrumbling_3, nicolae_gozag_zags_fifth_avenue,
          uniq_prince_ribbit1, uniq_duvessa, uniq_grinder

Skill      XL: |  1  2  3  4  5  6  7  8 |
---------------+-------------------------+-----
Shields        | 4 5 6 |  6.5
Fighting       | 4 5 |  5.4
Slings         | 1 3 4 6 |  6.4
Dodging        | 1 |  1.3
Armour         | 4 5 |  5.1
Maces & Flails | 2 |  2.5
Axes           | |  2.7

Action                   |  1- 3 |  4- 6 |  7- 9 || total
-------------------------+-------+-------+-------++-------
Melee: War axe           |    45 |       |       ||    45
       Mace              |       |       |    37 ||    37
       Hand axe          |       |       |    22 ||    22
       Kick              |       |       |    15 ||    15
 Fire: Hunting sling     |    37 |   196 |    71 ||   304
Throw: Tomahawk          |       |     3 |     6 ||     9
       Stone             |       |       |    11 ||    11
 Abil: Shaft Self        |       |     1 |       ||     1
  Use: Scroll            |     4 |     3 |     4 ||    11
       Potion            |       |       |     2 ||     2
  Eat: Chunk             |     1 |     9 |     3 ||    13
Armor: Scale mail        |    14 |    23 |    26 ||    63
Dodge: Dodged            |    38 |    37 |    40 ||   115
Block: Shield            |    22 |       |       ||    22
       Buckler           |    10 |    13 |    15 ||    38

Table legend:
 A = Non-vault XP
 B = Vault XP
 C = Vault XP percentage of total XP
 D = Non-vault monster count
 E = Vault monster count
 F = Vault count percentage of total count
                 A         B        C        D         E       F
            +---------+---------+-------+---------+---------+-------
      Total |    1328 |     516 |  28.0 |      92 |       5 |   5.2
            +---------+---------+-------+---------+---------+-------
        D:1 |      36 |       0 |   0.0 |      20 |       0 |   0.0
        D:2 |      77 |      41 |  34.7 |      21 |       1 |   4.5
        D:3 |      50 |       2 |   3.8 |      10 |       1 |   9.1
        D:4 |     437 |       0 |   0.0 |      19 |       0 |   0.0
        D:5 |     390 |       0 |   0.0 |      15 |       0 |   0.0
        D:6 |     338 |     473 |  58.3 |       7 |       3 |  30.0
            +---------+---------+-------+---------+---------+-------
